 Dungeon Crawl Stone Soup version 0.28.0-47-ge53b351184 (webtiles) character file.

Game seed: 11986920735173499270

1043 issech the Cudgeller (level 8, -10/78 HPs)
             Began as a Troll Fighter on Apr 30, 2022.
             Frozen to death by 0gre's ghost (15 damage)
             ... on level 5 of the Dungeon.
             The game lasted 00:14:28 (4662 turns).

issech the Cudgeller (Troll Fighter)                Turns: 4662, Time: 00:14:29

Health: -10/78     AC:  4    Str: 25    XL:     8   Next: 4%
Magic:  0/7        EV:  9    Int:  4    God:
Gold:   141        SH:  8    Dex: 11    Spells: 7/7 levels left

rFire   . . .      SeeInvis .   a - +0 flail
rCold   . . .      Faith    .   c - +0 kite shield
rNeg    . . .      Spirit   +   b - +0 robe
rPois   .          Reflect  .   (helmet restricted)
rElec   .          Harm     .   (no cloak)
rCorr   .          Rampage  .   (gloves unavailable)
Will    .....                   (boots unavailable)
Stlth   +.........              k - amulet of guardian spirit
HPRegen 1.03/turn               (no ring)
MPRegen 0.10/turn               (no ring)

@: no status effects
A: large, unfitting armour, claws 3, regeneration 1, shaggy fur 1, tough skin 1
a: no special abilities


You were on level 5 of the Dungeon.
You visited 1 branch of the dungeon, and saw 5 of its levels.

You collected 296 gold pieces.
You spent 155 gold pieces at shops.

Inventory:

Hand Weapons
 a - a +0 flail (weapon)
 f - a +0 mace
 i - a +1 dagger of draining
Missiles
 e - 2 silver javelins (quivered)
 h - 94 stones
 j - 91 arrows
 s - 15 bolts
 y - 11 sling bullets
 z - 2 poisoned darts
Armour
 b - a +0 robe (worn)
 c - a +0 kite shield (worn)
Jewellery
 k - an amulet of guardian spirit (around neck)
 u - a ring of ice
 w - an amulet of reflection
Scrolls
 l - a scroll of holy word
 n - a scroll of vulnerability
 o - a scroll of enchant weapon
 r - a scroll of silence
 t - 2 scrolls of teleportation
 v - a scroll of enchant armour
Potions
 d - a potion of might
 g - 2 potions of heal wounds {unknown}
 m - 3 potions of curing {unknown}
 p - a potion of lignification {unknown}
 q - a potion of mutation {unknown}
 x - a potion of brilliance {unknown}


   Skills:
 + Level 4.0 Fighting
 + Level 5.5 Maces & Flails
 + Level 1.5 Throwing
 + Level 3.8 Dodging
 + Level 0.3 Stealth
 + Level 4.3 Shields


You had 7 spell levels left.
You didn't know any spells.
Your spell library was empty.

Dungeon Overview and Level Annotations

Branches:
Dungeon (5/15)
 Temple: D:4-7

Altars:
Qazlal

Shops:
D:4 *

Annotations:
D:5 0gre's ghost, novice GnIE


Innate Abilities, Weirdness & Mutations

You are too large for most types of armour.
You have claws for hands.
Your natural rate of healing is unusually fast.
You are covered in fur. (AC +1)
You have tough skin. (AC +1)


Message History

0gre's ghost gestures at you while chanting.
The zap hits you.
You miss 0gre's ghost. 0gre's ghost is moderately damaged. 0gre's ghost hits you.
You closely miss 0gre's ghost. 0gre's ghost is moderately damaged.
You block 0gre's ghost's attack.
You completely miss 0gre's ghost. 0gre's ghost is moderately damaged. 0gre's ghost hits you!
* * * LOW HITPOINT WARNING * * *
You sock 0gre's ghost! 0gre's ghost is heavily damaged. 0gre's ghost hits you.
* * * LOW HITPOINT WARNING * * *
0gre's ghost gestures at you while chanting.
The zap hits you!
* * * LOW HITPOINT WARNING * * *
You hit 0gre's ghost. 0gre's ghost is heavily damaged. 0gre's ghost hits you but does no damage.
You sock 0gre's ghost! 0gre's ghost is severely damaged. 0gre's ghost shrieks, "I was like you once." 0gre's ghost hits you but does no damage.
You closely miss 0gre's ghost. 0gre's ghost is severely damaged. 0gre's ghost hits you but does no damage.
You hit 0gre's ghost. 0gre's ghost is severely damaged. 0gre's ghost hits you!
* * * LOW HITPOINT WARNING * * *
x2 0gre's ghost hits you!
* * * LOW HITPOINT WARNING * * *
x2 You sock 0gre's ghost! 0gre's ghost is almost destroyed. 0gre's ghost freezes you.
You are frozen!
You die...

..##.###.#.....#####....# #.##.
.......#.#######.##.....# #....
)....###.# #.##.....# ##.#.
.....'...# #.##.....# #....
.....##### #####.##.....# #..##
....W# ###...#.##.....# #...#
.....# #.....'.#####'######'#.#
.....# #.#...##### #.# #.......
.....# #.#...W@..###'###.....#.
.....#####'#............##.......
###..W..................##..≈≈≈≈≈
#.....................##..≈≈≈≈≈
#.........................≈≈>⌠≈
#.........##..............≈≈._≈
############.......######.≈≈≈≈≈
#.......# #.≈≈≈≈≈
#.......######......


You could see 0gre's ghost.

Vanquished Creatures
  A black bear (D:5)
  2 ice beasts (D:5)
  A necrophage (D:5)
  2 centaurs
  A water moccasin skeleton (D:4)
  A centaur zombie (D:5)
  A hound (D:5)
  An orc priest (D:4)
  4 iguanas
  2 orc wizards
  A hound skeleton (D:5)
  A gnoll (D:1)
  8 adders
  2 adder skeletons
  4 worms
  5 dart slugs
  14 orcs
  6 ball pythons
  6 bats
  4 endoplasms
  2 giant cockroaches (D:2)
  6 goblins
  8 hobgoblins
  4 jackals (D:4)
  6 kobolds
  3 quokkas
  A frilled lizard (D:1)
  26 rats
123 creatures vanquished.

Vanquished Creatures (others)
  3 plants (D:4)
  2 withered plants (D:5)
5 creatures vanquished.

Grand Total: 128 creatures vanquished

Notes
Turn   | Place    | Note
-------+----------+-------------------------------------------
     0 | D:1      | issech the Troll Fighter began the quest for the Orb.
     0 | D:1      | Reached XP level 1. HP: 22/22 MP: 0/0
   150 | D:1      | Reached XP level 2. HP: 21/29 MP: 1/1
   213 | D:1      | Reached skill level 2 in Maces & Flails
   466 | D:1      | Reached XP level 3. HP: 36/36 MP: 2/2
   702 | D:1      | Found a faded altar of an unknown god.
  1248 | D:1      | Reached XP level 4. HP: 44/44 MP: 3/3
  2173 | D:3      | Reached XP level 5. HP: 46/53 MP: 4/4
  2531 | D:3      | Reached skill level 3 in Maces & Flails
  2792 | D:4      | Reached XP level 6. HP: 61/61 MP: 5/5
  2992 | D:3      | Reached skill level 1 in Throwing
  3035 | D:4      | Found Xigois's Assorted Antiques.
  3053 | D:4      | Bought a runed tourmaline ring for 155 gold pieces
  3387 | D:4      | Reached skill level 4 in Maces & Flails
  3758 | D:5      | Entered Level 5 of the Dungeon
  3827 | D:5      | Found a stormy altar of Qazlal.
  3830 | D:5      | Noticed an ice beast
  3853 | D:5      | Killed an ice beast
  3854 | D:5      | Reached XP level 7. HP: 28/68 MP: 3/6
  4177 | D:5      | Reached skill level 5 in Maces & Flails
  4372 | D:5      | Reached XP level 8. HP: 77/78 MP: 5/7
  4408 | D:5      | Found a runed translucent door.
  4409 | D:5      | Noticed 0gre's ghost (novice GnIE)
  4662 | D:5      | Frozen to death by 0gre's ghost

Illustrated notes

Levels and vault maps discovered:
D:1:      dpeg_arrival_solitude, layout_basic,
          shapermc_ecumenical_altar_mp_vishouse, chequers_garden,
          chequers_serial_rivers_small_b
D:2:      layout_loops_cross
D:3:      layout_basic, minivault_26, minmay_fractal_squares_diagonal_5
D:4:      layout_basic, serial_shops, nicolae_shop_overgrown_old_shop,
          minmay_rat_hole
D:5:      layout_basic, general_overflow_altar, gammafunk_ghost_grave,
          corexii_hall_statues_deadend, hangedman_decor_growths

Skill      XL: |  1  2  3  4  5  6  7 |
---------------+----------------------+-----
Maces & Flails | 2 3 4 5 |  5.5
Shields        | 3 4 |  4.3
Fighting       | 3 4 |  4.0
Dodging        | 3 |  3.8
Throwing       | 1 |  1.5
Stealth        | |  0.3

Action                   |  1- 3 |  4- 6 |  7- 9 || total
-------------------------+-------+-------+-------++-------
Melee: Flail             |    86 |   270 |   108 ||   464
Throw: Javelin           |    14 |    22 |     4 ||    40
       Stone             |       |     2 |       ||     2
  Use: Scroll            |       |     6 |       ||     6
 Stab: Sleeping          |       |     1 |       ||     1
Armor: Robe              |    55 |    75 |    36 ||   166
Dodge: Dodged            |    60 |    97 |    39 ||   196
Block: Kite shield       |    50 |   106 |    48 ||   204
